General information
- name: BNet
- type: Ladder 1vs1/FFA
- host: Battle.net
- saver: Lovefool
map: TwistedMeadows
- players: 2
- length: 25:35
- speed: Fast
- version: 1.23 W3XP
- replay type: Public
» download(94 KB)
Players
team 1 (winner)
Lovefool (
teal | 88 APM | 2258 actions | 25:35)
5 Blademaster
2 Wind Walk
3 Critical Strike
3 Shadow Hunter
2 Hex
1 Healing Wave
» actions
| Assign group hotkey | 74 | |
| Basic commands | 243 | |
| Build / train | 66 | |
| ESC pressed | 2 | |
| Enter build submenu | 30 | |
| Enter hero's abilities submenu | 8 | |
| Give item / drop item | 6 | |
| Right click | 1153 | |
| Select / deselect | 269 | |
| Select group hotkey | 255 | |
| Use ability | 152 | |
2258 total
» units
| Peon | 7 | |
| Grunt | 2 | |
| Raider | 5 | |
| Goblin Shredder | 1 | |
| Tauren | 5 | |
| Troll Batrider | 8 | |
28 total
» upgrades
| Pillage | 1 | |
| Melee Weapons | 3 | |
| Ensnare | 1 | |
| Reinforced Defenses | 1 | |
| Pulverize | 1 | |
| Liquid Fire | 1 | |
| Armor | 1 | |
9 total
» buildings
| Altar of Storms | 1 | |
| Orc Burrow | 7 | |
| Barracks | 1 | |
| Voodoo Lounge | 1 | |
| Stronghold | 1 | |
| War Mill | 1 | |
| Beastiary | 2 | |
| Fortress | 1 | |
| Watch Tower | 14 | |
| Tauren Totem | 2 | |
| Great Hall | 1 | |
32 total
» build order
00:06 Altar of Storms
00:09 Orc Burrow
00:40 Barracks
01:38 Voodoo Lounge
02:39 Stronghold
02:56 Orc Burrow
03:00 Orc Burrow
03:22 War Mill
05:26 Beastiary
05:27 Beastiary
07:01 Orc Burrow
07:30 Fortress
08:41 Orc Burrow
09:25 Watch Tower
09:28 Watch Tower
12:19 Tauren Totem
12:23 Tauren Totem
14:01 Watch Tower
14:01 Watch Tower
14:03 Watch Tower
14:03 Watch Tower
14:05 Watch Tower
14:36 Orc Burrow
16:12 Orc Burrow
22:41 Great Hall
22:42 Watch Tower
22:43 Watch Tower
22:43 Watch Tower
22:44 Watch Tower
22:59 Watch Tower
23:54 Watch Tower
23:56 Watch Tower
» items
| Healing Salve | 3 | |
| Lesser Clarity Potion | 2 | |
| Scroll of Speed | 3 | |
| Boots of Speed | 1 | |
| Staff of Teleportation | 1 | |
| Tiny Great Hall | 1 | |
| Scroll of Town Portal | 2 | |
| Dust of Appearance | 1 | |
| Orb of Lightning | 1 | |
15 total
team 2 (loser)
ot.Ghazilee (
pink | 129 APM | 3291 actions | 25:33)
4 Death Knight
2 Death Coil
2 Unholy Aura
4 Lich
2 Frost Armor
2 Frost Nova
4 Crypt Lord
2 Impale
2 Spiked Carapace
» actions
| Assign group hotkey | 83 | |
| Basic commands | 233 | |
| Build / train | 143 | |
| ESC pressed | 3 | |
| Enter build submenu | 36 | |
| Enter hero's abilities submenu | 12 | |
| Give item / drop item | 9 | |
| Remove unit from queue | 3 | |
| Right click | 965 | |
| Select / deselect | 565 | |
| Select group hotkey | 1114 | |
| Use ability | 125 | |
3291 total
» units
| Acolyte | 16 | |
| Ghoul | 3 | |
| Crypt Fiend | 12 | |
| Obsidian Statue | 2 | |
| Frost Wyrm | 5 | |
38 total
» upgrades
| Burrow | 1 | |
| Web | 1 | |
| Destroyer Form | 1 | |
| Cannibalize | 0 | |
| Creature Attack | 3 | |
| Creature Carapace | 3 | |
| Freezing Breath | 1 | |
10 total
» buildings
| Crypt | 1 | |
| Graveyard | 1 | |
| Altar of Darkness | 1 | |
| Ziggurat | 11 | |
| Tomb of Relics | 1 | |
| Nerubian Tower | 11 | |
| Halls of the Dead | 3 | |
| Black Citadel | 3 | |
| Slaughterhouse | 1 | |
| Sacrificial Pit | 2 | |
| Boneyard | 1 | |
| Necropolis | 2 | |
38 total
» build order
00:06 Crypt
00:10 Graveyard
00:42 Altar of Darkness
01:00 Ziggurat
01:38 Tomb of Relics
02:19 Ziggurat
02:37 Nerubian Tower
02:37 Nerubian Tower
02:37 Nerubian Tower
03:37 Halls of the Dead
03:37 Halls of the Dead
03:37 Halls of the Dead
04:39 Ziggurat
06:30 Black Citadel
06:30 Black Citadel
07:39 Slaughterhouse
07:54 Sacrificial Pit
08:56 Ziggurat
10:56 Boneyard
12:28 Sacrificial Pit
12:42 Necropolis
13:05 Ziggurat
14:46 Ziggurat
14:48 Ziggurat
14:49 Ziggurat
15:58 Ziggurat
15:59 Ziggurat
16:20 Nerubian Tower
16:21 Nerubian Tower
17:38 Nerubian Tower
17:38 Nerubian Tower
17:38 Nerubian Tower
18:08 Ziggurat
19:32 Nerubian Tower
22:00 Necropolis
» items
| Rod of Necromancy | 16 | |
| Dust of Appearance | 3 | |
| Orb of Corruption | 4 | |
| Potion of Lesser Invulnerability | 2 | |
| Scroll of Town Portal | 10 | |
35 total
Chat log
(25:32 / All) ot.Ghazilee: gg